 Dungeon Crawl Stone Soup version 0.21.1-1-g345015f (webtiles) character file.

111 inc the Magician (level 4, -3/27 HPs)
             Began as an Octopode Conjurer on Apr 23, 2018.
             Slain by a gnoll
             ... wielding a cursed -3 flail
              (9 damage)
             ... on level 3 of the Dungeon.
             The game lasted 00:04:32 (2169 turns).

inc the Magician (Octopode Conjurer)                Turns: 2169, Time: 00:04:32

Health: -3/27      AC:  1    Str: 12    XL:     4   Next: 92%
Magic:  7/10       EV: 13    Int: 18    God:
Gold:   75         SH:  0    Dex: 12    Spells: 11/12 levels left

rFire    . . .     SeeInvis .   (no weapon)
rCold    . . .     Gourm    .   (no shield)
rNeg     . . .     Faith    .   (helmet restricted)
rPois    .         Spirit   .   (no amulet)
rElec    .         Reflect  .   (no ring)
rCorr    .         Harm     .   (no ring)
MR       .....                  (no ring)
Stlth    +++.......             (no ring)
HPRegen  0.09/turn              (no ring)
MPRegen  0.12/turn              (no ring)
                                (no ring)
                                (no ring)

@: mighty
A: almost no armour, stealthy swim, amphibious, 8 rings, constrict 8, camouflage
1, gelatinous body 1
a: no special abilities


You were on level 3 of the Dungeon.
You were not hungry.

You visited 1 branch of the dungeon, and saw 3 of its levels.

You collected 75 gold pieces.

Inventory:

Scrolls
 c - 3 scrolls of magic mapping {unknown}
 d - a scroll of identify {unknown}
 f - 2 scrolls of remove curse {unknown}
 h - a scroll of teleportation {unknown}
Potions
 e - a potion of heal wounds {unknown}
 g - a potion of ambrosia {unknown}
 i - a potion of might
Books
 a - a book of Conjurations

   Spells                             Type                      Level
   a - Magic Dart                     Conjuration                  1
   b - Searing Ray                    Conjuration                  2
   c - Dazzling Spray                 Conjuration/Hexes            3
   d - Fulminant Prism                Conjuration/Hexes            4
   e - Force Lance                    Conjuration/Translocation    4
   f - Iskenderun's Mystic Blast      Conjuration                  4
Comestibles
 b - 6 rations
 j - 2 chunks of flesh


   Skills:
 - Level 2.0 Dodging
 - Level 2.6 Stealth
 + Level 4.5 Spellcasting
 - Level 4.0 Conjurations


You had 11 spell levels left.
You knew the following spells:

 Your Spells              Type           Power        Failure   Level  Hunger
a - Magic Dart            Conj           ###.         2%          1    None


Dungeon Overview and Level Annotations

Branches:
Dungeon (3/15)

Altars:
Qazlal


Innate Abilities, Weirdness & Mutations

You cannot wear most types of armour.
You are very stealthy in the water. (Stealth+)
You are amphibious.
You can wear up to eight rings at the same time.
You can use your tentacles to constrict eight enemies at once.
Your skin changes colour to match your surroundings (Stealth+).
Your rubbery body absorbs attacks. (AC +1, EV +1)


Message History

You can't see any susceptible monsters within range! (Use Z to cast anyway.) Unknown command.
Casting: Magic Dart
Confirm with . or Enter, or press ? or * to list all spells.
You can't see any susceptible monsters within range! (Use Z to cast anyway.) Unknown command.
Something hits you!
A rat comes into view.
Something completely misses you.
You barely miss something. Something hits you.
It was a potion of might.
You feel very mighty all of a sudden. Something hits you!
You closely miss something. You closely miss something.
Something barely misses you.
You barely miss something. Your squeeze misses something. Something hits you.
* * * LOW HITPOINT WARNING * * *
You closely miss the rat. You grab the rat. You constrict the rat.
The rat closely misses you. Something hits you!
You die...

#..8... ..#
#.8_8.#.####..#
#..8..#.......##..
.....#.......#..#
###........>....#
.....##........#
#r{##..##..>##.
#@..#.#.......
###.......#
####...## ###...##.#
###........#
##...#.....##
##..###.##...#
##..## #.# ...#
#####..#####.#.....#


You could see a rat.

Vanquished Creatures
  2 gnolls (D:3)
  3 adders (D:2)
  An ooze (D:1)
  2 worms (D:2)
  A dart slug (D:2)
  5 leopard geckos
  9 bats
  2 giant cockroaches
  6 goblins
  5 hobgoblins
  3 frilled lizards
  7 kobolds
  4 rats
50 creatures vanquished.

Notes
Turn   | Place    | Note
-------+----------+-------------------------------------------
     0 | D:1      | inc the Octopode Conjurer began the quest for the Orb.
     0 | D:1      | Reached XP level 1. HP: 11/11 MP: 3/3
   110 | D:1      | Reached XP level 2. HP: 17/17 MP: 2/5
   567 | D:1      | Reached XP level 3. HP: 21/21 MP: 1/7
  1294 | D:2      | Reached XP level 4. HP: 27/27 MP: 6/10
  1399 | D:2      | Found a stormy altar of Qazlal.
  2156 | D:3      | Found a faded altar of an unknown god.
  2169 | D:3      | Slain by a gnoll

Skill      XL: |  1  2  3 |
---------------+----------+-----
Spellcasting   | 3 4 |  4.5
Dodging        | |  2.0
Stealth        | |  2.6
Conjurations   | |  4.0

Action                   |  1- 3 |  4- 6 || total
-------------------------+-------+-------++-------
Melee: Unarmed           |    12 |    21 ||    33
       Tentacles         |     4 |       ||     4
       Constrict         |     3 |     6 ||     9
 Cast: Magic Dart        |    61 |    58 ||   119
  Use: Potion            |       |     1 ||     1
 Stab: Sleeping          |     1 |     2 ||     3
  Eat: Chunk             |     1 |     3 ||     4
Armor: Skin              |     2 |     2 ||     4
Dodge: Dodged            |    14 |    24 ||    38
